 Dungeon Crawl Stone Soup version 0.30-a0-1043-g60ff8d5f49 (webtiles) character file.

Game seed: 15451286241129910256

177 LobsterGuardian the Grave Robber (level 5, -1/35 HPs)
             Began as a Human Necromancer on Apr 10, 2023.
             Slain by a white imp (2 damage)
             ... summoned by Eustachio
             ... on level 4 of the Dungeon.
             The game lasted 00:11:29 (2671 turns).

LobsterGuardian the Grave Robber (HuNe)             Turns: 2671, Time: 00:11:29

Health: -1/35      AC:  3    Str:  4    XL:     5   Next: 88%
Magic:  0/10       EV: 12    Int: 18    God:
Gold:   129        SH:  0    Dex: 13    Spells: 3/11 levels left

rFire   + . .      SeeInvis .    l - +6 spear of Tumult {flame, rF+ rN+ Str-4 Stlth+}
rCold   . . .      Faith    .    (no shield)
rNeg    + . .      Spirit   .    a - +1 robe
rPois   .          Reflect  .    (no helmet)
rElec   .          Rampage  .    (no cloak)
rCorr   .                        (no gloves)
Will    .....                    (no boots)
Stlth   +++                      (no amulet)
HPRegen 0.25/turn                (no ring)
MPRegen 0.12/turn                (no ring)

@: animating dead
A: no striking features
a: no special abilities


You were on level 4 of the Dungeon.
You visited 1 branch of the dungeon, and saw 4 of its levels.

You collected 129 gold pieces.

Inventory:

Hand Weapons
 k - a +1 dagger of protection
 l - the +6 spear of Tumult (weapon) {flame, rF+ rN+ Str-4 Stlth+}
   (You found it on level 2 of the Dungeon)

   Str:       It affects your strength (-4).
   rF:        It protects you from fire.
   rN:        It protects you from negative energy.
   Stlth:     It makes you more stealthy.
Armour
 a - a +1 robe (worn)
Wands
 b - a wand of polymorph (11)
 n - a wand of digging (4)
Scrolls
 h - 2 scrolls of immolation {unknown}
 o - a scroll of vulnerability {unknown}
 p - a scroll of fog
 r - a scroll of teleportation {unknown}
Potions
 d - 3 potions of curing
 e - 2 potions of heal wounds
 g - a potion of brilliance
 i - a potion of flight
 j - a potion of haste
 m - a potion of might
 q - a potion of mutation {unknown}


   Skills:
 - Level 0.8 Short Blades
 * Level 1.0 Polearms
 + Level 2.1 Dodging
 + Level 2.0 Stealth
 * Level 3.5 Spellcasting
 + Level 5.3 Necromancy


You had 3 spell levels left.
You knew the following spells:

 Your Spells              Type           Power      Damage    Failure   Level
a - Necrotise             Necr           88%        1d8       1%          1
b - Vampiric Draining     Necr           22%        2d7       5%          3
c - Animate Dead          Necr           22%        N/A       17%         4

Your spell library contained the following spells:

 Spells                   Type           Power      Damage    Failure   Level
 Portal Projectile        Hex/Tloc       6%         N/A       43%         3
 Tukima's Dance           Hex            3%         N/A       43%         3
 Vhi's Electric Charge    Tloc/Air       6%         N/A       43%         3
 Agony                    Necr           22%        N/A       43%         5
 Arcjolt                  Conj/Air       1%         1d11      99%         5
 Blade Hands              Tmut           1%         N/A       99%         5
 Iskenderun's Battlesphe  Conj           3%         2d6       99%         5
 Iron Shot                Conj/Erth      1%         9d1       100%        6
 Spellforged Servitor     Conj/Summ      1%         N/A       100%        7
 Maxwell's Capacitive Co  Air            1%         ∞         100%        8


Dungeon Overview and Level Annotations

Branches:
Dungeon (4/15)
 Temple: D:4-7

Altars:
Elyvilon

Annotations:
D:4 Eustachio


Message History

Eustachio hits you with a +0 rapier!
Unknown command.
Casting: Necrotise (safe; 1% risk of failure)
Confirm with . or Enter, or press ? or * to list all spells.
Aiming: Necrotise (safe; 1% risk of failure)
Press: ? - help, Shift-Dir - straight line, f/p - Eustachio
Aim: Eustachio, wielding a +0 rapier and wearing a +0 leather armour (severely wounded, ally target, chance to affect: 81%) Eustachio writhes in agony.
Something bites your jackal zombie.
Your jackal zombie barely misses the jackal.
Eustachio mumbles some strange words.
You hit Eustachio. You burn Eustachio.
Eustachio is severely wounded.
Your jackal zombie closely misses the jackal.
Eustachio mumbles some strange words.
You hit Eustachio. You burn Eustachio.
Eustachio is almost dead.
Your jackal zombie bites the jackal.
The ufetubus closely misses you. The ufetubus hits you.
Eustachio gestures wildly while chanting.
Eustachio blinks!
The white imp misses you.
Your jackal zombie bites the jackal.
You barely miss Eustachio.
Eustachio is almost dead.
The ufetubus hits you. x2; The jackal bites your jackal zombie.
Eustachio hits you with a +0 rapier.
Your jackal zombie bites the jackal.
The jackal dies!
The dead are walking!
The ufetubus hits you. The ufetubus barely misses you.
The white imp closely misses you.
Your Polearms skill increases to level 1!
You barely miss Eustachio.
Eustachio is almost dead.
Something bites your jackal zombie.
Your jackal zombie is destroyed!
The ufetubus hits you. The ufetubus barely misses you.
Eustachio hits you with a +0 rapier!
* * * LOW HITPOINT WARNING * * *
The white imp hits you.
* * * LOW HITPOINT WARNING * * *
The white imp freezes you.
You die...

#+ ### # #..
..#.#
#..##.#. #
......
....##Z5####
.......h@@5#
.....#####5#
... #.# #
#.# #.# #.#
#.#
#.#######
#.......#


You could see Eustachio (ally target), 2 white imps, an ufetubus (summoned), a
jackal and a friendly jackal zombie.

Vanquished Creatures
  Ijyb (D:3)
  Robin (D:2)
  3 adders
  4 gnolls
  2 worms
  A dart slug (D:3)
  6 endoplasms
  2 giant cockroaches
  15 goblins
  6 hobgoblins
  A jackal (D:4)
  8 kobolds
  2 quokkas (D:1)
  2 ball pythons (D:1)
  A bat (D:3)
  A frilled lizard (D:2)
  A rat (D:2)
  A spectral kobold (D:1)
58 creatures vanquished.

Vanquished Creatures (collateral kills)
  A gnoll (D:3)
  A jackal (D:4)
2 creatures vanquished.

Vanquished Creatures (others)
  A bat zombie (D:3)
  A gnoll zombie (D:3)
  A hobgoblin zombie (D:3)
  A jackal zombie (D:4)
4 creatures vanquished.

Grand Total: 64 creatures vanquished

Notes
Turn   | Place    | Note
-------+----------+-------------------------------------------
     0 | D:1      | LobsterGuardian the Human Necromancer began the quest for
                  | the Orb.
     0 | D:1      | Reached XP level 1. HP: 13/13 MP: 3/3
   146 | D:1      | Found a faded altar of an unknown god.
   238 | D:1      | Reached XP level 2. HP: 13/19 MP: 0/5
   479 | D:1      | Reached XP level 3. HP: 24/24 MP: 3/6
   483 | D:1      | Learned a level 3 spell: Vampiric Draining
  1280 | D:2      | Noticed Robin
  1296 | D:2      | Reached XP level 4. HP: 25/30 MP: 0/7
  1500 | D:2      | Killed Robin
  1684 | D:2      | Identified the +6 spear of Tumult {flame, rF+ rN+ Str-4
                  | Stlth+}
  1695 | D:2      | Reached skill level 5 in Necromancy
  1894 | D:3      | Learned a level 4 spell: Animate Dead
  1960 | D:3      | Reached XP level 5. HP: 35/35 MP: 1/9
  2128 | D:3      | Found a white marble altar of Elyvilon.
  2514 | D:3      | Noticed Ijyb
  2525 | D:3      | Killed Ijyb
  2654 | D:4      | Noticed Eustachio
  2671 | D:4      | Reached skill level 1 in Polearms
  2671 | D:4      | HP: 1/35 [white imp[Eustachio] (4)]
  2671 | D:4      | Slain by a white imp

Illustrated notes

Levels and vault maps discovered:
D:1:      spicycebolla_arrival_xxxplode, layout_loops_ring,
          dreamdust_ecumenical_altar_drowned_temple,
          chequers_serial_rivers_large_a, minmay_misc_feat_pillars
D:2:      layout_rooms, minmay_tetromino_o2, uniq_robin
D:3:      layout_rooms, mainiacjoe_overflow_alcove_2, uniq_ijyb
D:4:      layout_basic, nicolae_concentric_dashed_squares_mild,
          minmay_hollow_rounded_squares, uniq_eustachio

Skill      XL: |  1  2  3  4  5 |
---------------+----------------+-----
Spellcasting   | 3 |  3.5
Necromancy     | 5 |  5.3
Polearms       | 1 |  1.0
Short Blades   | |  0.8
Dodging        | |  2.1
Stealth        | |  2.0

Action                     |  1- 3 |  4- 6 || total
---------------------------+-------+-------++-------
  Melee: Dagger            |    32 |    26 ||    58
         Unarmed           |     1 |       ||     1
         Spear             |       |    23 ||    23
   Cast: Necrotise         |    39 |    49 ||    88
         Vampiric Draining |     1 |     8 ||     9
         Animate Dead      |       |     3 ||     3
    Use: Scroll            |     3 |     5 ||     8
         Potion            |     1 |     1 ||     2
   Stab: Sleeping          |       |     2 ||     2
 Armour: Robe              |    11 |     6 ||    17
  Dodge: Dodged            |    20 |    48 ||    68

Table legend: (Time is in decaauts)
 A = Elapsed time spent in this place.
 B = Non-inter-level travel time spent in this place.
 C = Inter-level travel time spent in this place.
 D = Time resting spent in this place.
 E = Time spent auto-exploring this place.
 F = Levels seen in this place.
 G = Mean time per level.
                   A        B        C        D        E       F      G
               +--------+--------+--------+--------+--------+-----+--------+
         Total |   2690 |   2575 |    115 |     62 |   2031 |   4 |  672.5 |
       Dungeon |   2690 |   2575 |    115 |     62 |   2031 |   4 |  672.5 |
               +--------+--------+--------+--------+--------+-----+--------+

Top non-repeatable levels by time:
     D:1: 1241 daAuts
     D:3: 922 daAuts
     D:2: 494 daAuts
     D:4: 33 daAuts
